 Dungeon Crawl Stone Soup version 0.32-a0-900-g30fb1b0edc (webtiles) character file.

Game seed: 11658289883838193911

88 GloriousHammer the Cudgeller (level 4, -1/37 HPs)
             Began as an Armataur Fighter on Apr 5, 2024.
             Killed from afar by Ijyb (5 damage)
             ... with a puff of flame
             ... on level 3 of the Dungeon.
             The game lasted 00:02:52 (2171 turns).

GloriousHammer the Cudgeller (Armataur Fighter)     Turns: 2171, Time: 00:02:52

Health: -1/37      AC:  6    Str: 22    XL:     4   Next: 29%
Magic:  4/4        EV:  6    Int: 10    God:
Gold:   90         SH:  4    Dex:  9    Spells: 3/3 levels left

rFire   . . .        a - +0 flail
rCold   . . .        c - +0 buckler
rNeg    . . .        b - +0 scale mail
rPois   .            (no helmet)
rElec   .            (no cloak)
rCorr   .            (no gloves)
SInv    .            (no barding)
Will    .....        (no amulet) Stlth
                     (no ring)
HPRegen 0.26/turn    (no ring)
MPRegen 0.09/turn

%: roll
@: no status effects
A: large, deformed body, tough skin 3, armoured tail, rollpage 1
a: no special abilities


You were on level 3 of the Dungeon.
You visited 1 branch of the dungeon, and saw 3 of its levels.

You collected 90 gold pieces.

Inventory:

Hand Weapons
 a - a +0 flail (weapon)
Missiles
 k - 3 poisoned darts (quivered)
Armour
 b - a +0 scale mail (worn)
 c - a +0 buckler (worn)
Scrolls
 d - a scroll of revelation {unknown}
 e - 3 scrolls of fog {unknown}
 f - 2 scrolls of identify {unknown}
 g - a scroll of amnesia {unknown}
 j - a scroll of poison {unknown}
Potions
 h - 2 potions of curing
 i - a potion of might


   Skills:
 - Level 2.6 Fighting
 + Level 4.2 Maces & Flails
 - Level 3.6 Armour
 - Level 3.2 Shields


You had 3 spell levels left.
You didn't know any spells.
Your spell library contained the following spells:

 Spells                   Type           Power      Damage    Failure   Level
 Inner Flame              Hex/Fire       0%         N/A       98%         3
 Irradiate                Conj/Alch      0%         3d11      100%        5
 Ignition                 Fire           0%         3d3       100%        8


Dungeon Overview and Level Annotations

Branches:
Dungeon (3/15)

Altars:
Sif Muna

Annotations:
D:3 Ijyb


Innate Abilities, Weirdness & Mutations

Armour fits poorly on your strangely shaped body.
You have extremely tough skin. (AC +3)
You have a long armoured tail.
You regenerate magic when rolling toward enemies. (Rampage MPRegen)


Message History

You open the door.
There is an open door here.
h - 2 potions of curing (gained 1)
Found an escape hatch in the floor.
You now have 90 gold pieces (gained 11).
Found 3 poisoned darts.
A ball python comes into view.
Found 2 stones.
The ball python hisses angrily.
A ball python is nearby!
A ball python is nearby!
A ball python is nearby!
You sock the ball python!
You kill the ball python!
As you open the door, it creaks loudly!
Found a dagger.
A quokka comes into view.
There is an open door here.
A quokka is nearby!
You roll towards the quokka!
You roll towards the quokka!
You hit the quokka.
You kill the quokka!
You open the door.
There is an open door here.
There is an open door here.
A kobold comes into view. It is wielding a +0 short sword.
The kobold shouts!
A kobold is nearby!
A kobold is nearby!
A kobold is nearby!
You roll towards the kobold!
You roll towards the kobold!
The kobold hits you with a +0 short sword.
You hit the kobold.
You kill the kobold!
You see here a +0 short sword.
You open the door.
There is an open door here.
A kobold comes into view. It is wielding a +0 short sword.
A kobold is nearby!
A kobold is nearby!
You roll towards the kobold!
You roll towards the kobold!
The kobold hits you but does no damage.
You thump the kobold!
You kill the kobold!
You see here a +0 short sword.
Done exploring.
Done exploring.
Done exploring.
Search for what [Enter for "."]? .
You see here 3 poisoned darts.
k - 3 poisoned darts Unknown command.
You open the door.
There is an open door here.
There is a stone staircase leading down here.
You climb downwards.
There is a stone staircase leading up here.
Search for what [Enter for "."]? .
There is an escape hatch in the ceiling here.
You see here a ball python skeleton.
Items here: ))) [ รท.
There is a stone staircase leading down here.
You climb downwards.
Ijyb shouts!
There is a stone staircase leading up here.
Ijyb is nearby!
You roll towards Ijyb!
You hit Ijyb but do no damage. Ijyb completely misses you.
You hit Ijyb but do no damage.
Ijyb screams, "You look like good test subject!"
Ijyb hits you with a +0 club.
You barely miss Ijyb. You tail-slap Ijyb.
Ijyb is moderately wounded.
Ijyb hits you but does no damage.
You closely miss Ijyb.
Your tail-slap misses Ijyb.
Ijyb is moderately wounded.
Ijyb hits you with a +0 club.
You hit Ijyb.
Ijyb is heavily wounded.
Ijyb zaps a wand.
The puff of flame hits you!
You closely miss Ijyb.
Ijyb is heavily wounded.
Ijyb hits you with a +0 club. x2
You hit Ijyb.
Ijyb is heavily wounded.
Ijyb hits you but does no damage.
You hit Ijyb.
Ijyb is severely wounded.
Ijyb hits you with a +0 club.
Unknown command.
You barely miss Ijyb.
Ijyb is severely wounded.
Ijyb zaps a wand.
The puff of flame hits you!
* * * LOW HITPOINT WARNING * * *
You hit Ijyb.
Your tail-slap misses Ijyb.
Ijyb is severely wounded.
Ijyb zaps a wand.
The puff of flame hits you.
You die...
Ijyb screams, "Time for next experiment!"

.#####...
#.......# #..
#.......# .#..
###.......##....
...............
###.............
.........g......
#.....@.#
#.....<.#
.....###### ....
..


You could see Ijyb.

Vanquished Creatures
  3 adders (D:2)
  2 dart slugs (D:2)
  3 orcs (D:2)
  4 endoplasms
  3 giant cockroaches
  5 goblins
  4 hobgoblins
  4 quokkas
  8 ball pythons
  3 bats
  2 frilled lizards (D:2)
  4 kobolds
  5 rats
50 creatures vanquished.

Notes
Turn   | Place    | Note
-------+----------+-------------------------------------------
     0 | D:1      | GloriousHammer the Armataur Fighter began the quest for the
                  | Orb.
     0 | D:1      | Reached XP level 1. HP: 18/18 MP: 1/1
    95 | D:1      | Reached skill level 2 in Maces & Flails
   150 | D:1      | Reached XP level 2. HP: 24/25 MP: 2/2
   216 | D:1      | You fall into a shaft and drop 1 floor!
   338 | D:2      | Reached skill level 3 in Maces & Flails
   338 | D:2      | Reached XP level 3. HP: 30/30 MP: 3/3
   864 | D:2      | Found a shimmering blue altar of Sif Muna.
  1097 | D:2      | Reached XP level 4. HP: 35/37 MP: 4/4
  1099 | D:2      | Reached skill level 4 in Maces & Flails
  2160 | D:3      | Noticed Ijyb
  2171 | D:3      | Killed from afar by Ijyb

Illustrated notes

Levels and vault maps discovered:
D:1:      dpeg_arrival_rooms_with_view, layout_basic
D:2:      layout_basic, basic_altar, reono_crystal_passage
D:3:      layout_rooms, mainiacjoe_overflow_catwalk_spiral, uniq_ijyb,
          uniq_grinder, uniq_sigmund

Skill      XL: |  1  2  3  4 |
---------------+-------------+-----
Maces & Flails | 2 3 4 |  4.2
Fighting       | |  2.6
Armour         | |  3.6
Shields        | |  3.2

Action                     |  1- 3 |  4- 6 || total
---------------------------+-------+-------++-------
  Melee: Flail             |   119 |    58 ||   177
         Tailslap          |     6 |     4 ||    10
    Use: Potion            |     2 |       ||     2
 Armour: Scale mail        |    92 |    46 ||   138
  Dodge: Dodged            |    36 |    15 ||    51
  Block: Buckler           |    27 |    10 ||    37

Table legend: (Time is in decaauts)
 A = Elapsed time spent in this place.
 B = Non-inter-level travel time spent in this place.
 C = Inter-level travel time spent in this place.
 D = Time resting spent in this place.
 E = Time spent auto-exploring this place.
 F = Levels seen in this place.
 G = Mean time per level.
                   A        B        C        D        E       F      G
               +--------+--------+--------+--------+--------+-----+--------+
         Total |   2215 |   1957 |    258 |    281 |   1245 |   3 |  738.3 |
       Dungeon |   2215 |   1957 |    258 |    281 |   1245 |   3 |  738.3 |
               +--------+--------+--------+--------+--------+-----+--------+

Top non-repeatable levels by time:
     D:2: 1421 daAuts
     D:1: 781 daAuts
     D:3: 12 daAuts
